 Dungeon Crawl Stone Soup version 0.31.0-9-g3a7656b989 (console) character file.

Game seed: 3698906386731915250

756 AlterAsc the Cleaver (level 8, -3/58 HPs)
             Began as a Formicid Fighter on Jan 27, 2024.
             Slain by an ogre
             ... wielding a +0 giant club
              (23 damage)
             ... on level 4 of the Dungeon.
             The game lasted 00:07:59 (3437 turns).

AlterAsc the Cleaver (Formicid Fighter)             Turns: 3437, Time: 00:08:00

Health: -3/58      AC: 14    Str: 22    XL:     8   Next: 7%
Magic:  8/8        EV: 10    Int:  9    God:
Gold:   243        SH:  5    Dex: 13    Spells: 7/7 levels left

rFire   + . .        a - +0 war axe
rCold   . . .        c - +0 buckler
rNeg    . . .        w - +2 ring mail {rF+}
rPois   .            (helmet unavailable)
rElec   .            k - +0 cloak
rCorr   .            l - +0 pair of gloves
SInv    +            (no boots)
Will    .....        (no amulet)
Stlth   +            m - +4 ring of protection
HPRegen 0.29/turn    (no ring)
MPRegen 0.11/turn

%: no passive effects
@: no status effects
A: permanent stasis, dig shafts and tunnels, antennae 3, four strong arms
a: Dig, Shaft Self


You were on level 4 of the Dungeon.
You visited 2 branches of the dungeon, and saw 6 of its levels.

You collected 243 gold pieces.

Inventory:

Hand Weapons
 a - a +0 war axe (weapon)
 f - a +2 short sword of holy wrath
Missiles
 n - 2 atropa-tipped darts
 t - a boomerang
Armour
 b - a +0 scale mail
 c - a +0 buckler (worn)
 j - a +0 chain mail
 k - a +0 cloak (worn)
 l - a +0 pair of gloves (worn)
 w - a +2 ring mail of fire resistance (worn)
Jewellery
 m - a +4 ring of protection (left hand)
Wands
 u - a wand of iceblast (7)
Scrolls
 h - a scroll of revelation {unknown}
 p - a scroll of immolation {unknown}
 r - a scroll of silence {unknown}
 s - a scroll of vulnerability {unknown}
 x - a scroll of enchant armour {unknown}
Potions
 d - a potion of might
 e - 2 potions of ambrosia {unknown}
 g - 2 potions of lignification {unknown}
 i - a potion of brilliance {unknown}
 o - a potion of mutation {unknown}
 q - a potion of attraction {unknown}
 v - 2 potions of haste {unknown}


   Skills:
 - Level 3.2 Fighting
 + Level 8.6 Axes
 - Level 3.2 Armour
 - Level 4.0 Shields


You had 7 spell levels left.
You didn't know any spells.
Your spell library contained the following spells:

 Spells                   Type           Power      Damage    Failure   Level
 Apportation              Tloc           0%         N/A       61%         1
 Freeze                   Ice            0%         1d3       61%         1
 Necrotise                Necr           0%         1d4       61%         1
 Shock                    Conj/Air       0%         1d3       61%         1
 Sting                    Conj/Alch      0%         1d3       61%         1
 Summon Small Mammal      Summ           0%         N/A       61%         1
 Call Canine Familiar     Summ           0%         N/A       93%         3
 Frozen Ramparts          Ice            0%         1d1       93%         3
 Hailstorm                Conj/Ice       0%         3d5       93%         3
 Stone Arrow              Conj/Erth      0%         3d7       93%         3
 Volatile Blastmotes      Fire/Tloc      0%         2d10      93%         3
 Airstrike                Air            0%         2d(0-16)  100%        4
 Animate Armour           Summ/Erth      0%         N/A       100%        4
 Fulminant Prism          Conj/Alch      0%         3d5       100%        4
 Iskenderun's Mystic Bla  Conj/Tloc      0%         2d3       100%        4
 Summon Blazeheart Golem  Fire/Summ      0%         N/A       100%        4
 Lehudib's Crystal Spear  Conj/Erth      0%         10d2      100%        8
 Swiftness                Air            Unusable   N/A       N/A         3

Dungeon Overview and Level Annotations

Branches:
Dungeon (5/15)             Temple (1/1) D:4

Altars:
Dithmenos
Elyvilon
Fedhas
Kikubaaqudgha
Makhleb
Nemelex Xobeh
Qazlal
Sif Muna
Trog
Vehumet
Yredelemnul
Zin


Innate Abilities, Weirdness & Mutations

You cannot be hasted, slowed, berserked, paralysed or teleported.
You can dig through walls and to a lower floor.
You have a pair of large antennae on your head. (SInv)
Your four strong arms can wield two-handed weapons with a shield.


Message History

There is a stone staircase leading up here.
The scorpion stings you but does no damage.
The ogre hits you with a +0 giant club. The scorpion stings you.
You are poisoned.
The scorpion poisons you!
You climb upwards.
You feel very sick.
There is a stone staircase leading down here.
You completely miss the scorpion. You slash the ogre!
You feel sick. The scorpion closely misses you.
The ogre hits you with a +0 giant club!
You hit the scorpion but do no damage. You barely miss the ogre.
You feel sick. The scorpion closely misses you.
You closely miss the ogre.
The ogre is moderately wounded.
You slash the scorpion!
You feel sick.
The scorpion stings you but does no damage.
You block the ogre's attack.
The scorpion stings you but does no damage.
You slash the scorpion!
You kill the scorpion!
You barely miss the ogre.
You feel sick. The ogre barely misses you.
You have reached level 8!
You feel clever.
You barely miss the ogre.
The ogre is moderately wounded.
You feel sick. The ogre hits you with a +0 giant club!
You closely miss the ogre.
The ogre is moderately wounded.
You feel sick.
You barely miss the ogre.
The ogre is moderately wounded.
You feel sick.
You are no longer poisoned.
The ogre completely misses you.
You barely miss the ogre.
The ogre is moderately wounded.
The ogre barely misses you.
You slash the ogre!
The ogre is heavily wounded.
The ogre hits you with a +0 giant club!!
You die...

#.##.# #.# ####.....#
#. #.##.# #.#
####..## ## #.##.#
#.# #...###. #.##.#
#.# #.#..... #.##.#
#.####### #.......
#.##.# #[.#....#
######... #.##.#
##.#....###........
#.##.#
#.#....##..####...
#.##.# #.#.......##
###. #.##.#
#.###.##..## ##...
#.##.# #@#
#.#....###.... #.##.#
#O# #...##........
#.##.#
####.####.###........
##.##.#
#.......†.#.)...).[..
#..#..#
#.......#.).#####.)..
#.##.## #...<.....).#
###... #.##.#
#.......##### #.....
#....# #..)....#
#..... #..###
#.....).# #..... #..#
#.......# #..... #..#
#.....<.### #.....


You could see an ogre.

Vanquished Creatures
  An ogre (D:5)
  3 scorpions
  An orc priest (D:4)
  A jelly (D:4)
  2 hounds
  2 iguanas
  2 sleepcaps (D:5)
  An orc wizard (D:3)
  6 gnolls
  9 adders
  2 ufetubi (D:5)
  2 dart slugs
  2 ribbon worms (D:2)
  11 orcs
  2 bats
  9 endoplasms
  5 giant cockroaches
  3 goblins
  6 hobgoblins
  4 jackals (D:1)
  7 kobolds
  3 quokkas
  3 ball pythons
  6 frilled lizards
  7 rats
100 creatures vanquished.

Notes
Turn   | Place    | Note
-------+----------+-------------------------------------------
     0 | D:1      | AlterAsc the Formicid Fighter began the quest for the Orb.
     0 | D:1      | Reached XP level 1. HP: 18/18 MP: 1/1
   109 | D:1      | Reached XP level 2. HP: 21/24 MP: 2/2
   288 | D:1      | Reached skill level 3 in Axes
   374 | D:1      | Reached XP level 3. HP: 29/29 MP: 3/3
  1066 | D:2      | Reached skill level 4 in Axes
  1066 | D:2      | Reached XP level 4. HP: 35/35 MP: 4/4
  1491 | D:3      | Found a faded altar of an unknown god.
  1575 | D:3      | Reached XP level 5. HP: 41/41 MP: 5/5
  1804 | D:3      | Reached skill level 5 in Axes
  1846 | D:3      | Found an ancient bone altar of Kikubaaqudgha.
  2295 | D:4      | Reached XP level 6. HP: 43/47 MP: 6/6
  2348 | D:4      | Reached skill level 6 in Axes
  2400 | D:4      | Found a staircase to the Ecumenical Temple.
  2406 | Temple   | Entered the Ecumenical Temple
  2675 | D:4      | Reached XP level 7. HP: 44/52 MP: 7/7
  2864 | D:5      | Entered Level 5 of the Dungeon
  2872 | D:5      | Reached skill level 7 in Axes
  3004 | D:5      | Found a stormy altar of Qazlal.
  3102 | D:5      | Reached skill level 8 in Axes
  3433 | D:4      | Reached XP level 8. HP: 32/58 MP: 8/8
  3437 | D:4      | Slain by an ogre

Illustrated notes

Levels and vault maps discovered:
D:1:      nzn_arrival_water_spiral, layout_basic
D:2:      layout_basic, serial_glass, glass_columns_b, glass_columns_a,
          glass_columns_a, glass_columns_a, glass_columns_b, glass_columns_a,
          glass_columns_a, glass_columns_a
D:3:      layout_loops_ring, mainiacjoe_overflow_cross_hatched,
          ebering_ecumenical_altar_ruins
D:4:      layout_rooms, minmay_temple_entry_wispy
D:5:      gammafunk_wand_slinger, layout_loops_ring,
          nicolae_qazlal_eye_of_the_storm, hangedman_minor_gate_pass
Temple:   eino_wide_crystal_templ

Skill      XL: |  1  2  3  4  5  6  7 |
---------------+----------------------+-----
Axes           | 3 4 5 6 8 |  8.6
Fighting       | |  3.2
Armour         | |  3.2
Shields        | |  4.0

Action                     |  1- 3 |  4- 6 |  7- 9 || total
---------------------------+-------+-------+-------++-------
  Melee: War axe           |    88 |   183 |    61 ||   332
  Throw: Boomerang         |       |       |     2 ||     2
Ability: Dig               |     8 |       |       ||     8
    Use: Scroll            |       |     1 |       ||     1
 Armour: Scale mail        |    38 |       |       ||    38
         Chain mail        |    26 |   142 |     7 ||   175
         Ring mail         |       |       |    61 ||    61
  Dodge: Dodged            |    44 |   102 |    47 ||   193
  Block: Buckler           |    27 |    43 |    20 ||    90
